Map: Jagannatha LE

Players

Serral - Winner!

  • Race: Zerg Zerg
  • League: Grandmaster
  • Spawn Location: 1:00

HeroMarine

  • Race: Terran Terran
  • League: Grandmaster
  • Spawn Location: 7:00

Event: DreamHack SC2 Masters 2020 Winter

VOD

Have the link to the VOD?

Description

Time

  • Played on: Nov. 3, 2020, 11:25 a.m.
  • Length: 10:09

All games in this series

Show
View Real Time Build Order
Export as new Build Order

Serral Zerg - Winner!

Build Orders: Hatch First 

Get SALT Encoding   

  12  0:00  Drone  
  13  0:12  Overlord  
  13  0:17  Drone  
  14  0:30  Drone  
  14  0:31  Drone  
  16  0:48  Hatchery  
  15  0:51  Drone  
  15  0:55  Drone  
  17  0:58  Drone  
  18  1:09  Extractor  
  17  1:13  Spawning Pool  
  17  1:16  Drone  
  17  1:20  Drone  
  18  1:27  Drone  
  19  1:38  Drone  
  20  1:49  Drone  
  21  1:59  Queen x2  
  21  2:00  Zergling x4  
  27  2:10  Overlord  
  27  2:12  Drone, Metabolic Boost  
  28  2:28  Hatchery  
  27  2:31  Drone  
  27  2:35  Drone  
  27  2:36  Drone  
  30  2:44  Queen  
  30  2:49  Overlord  
  32  2:54  Drone  
  32  2:56  Drone  
  34  2:59  Drone  
  34  3:00  Drone  
  34  3:04  Pneumatized Carapace  
  36  3:10  Drone x2  
  36  3:11  Drone  
  39  3:13  Drone  
  39  3:20  Overlord  
  39  3:22  Drone x2  
  41  3:27  Queen  
  41  3:33  Overlord  
  43  3:41  Zergling x2, Queen  
  44  3:43  Drone  
  44  3:44  Drone  
  44  3:45  Drone  
  44  3:47  Drone  
  50  3:50  Drone x2  
  52  3:58  Spine Crawler  
  52  4:00  Overlord  
  51  4:03  Zergling x2, Baneling Nest  
  51  4:04  Zergling x2  
  51  4:08  Queen  
  54  4:13  Queen  
  54  4:16  Zergling x2  
  57  4:21  Zergling x6  
  57  4:23  Evolution Chamber  
  59  4:29  Zergling x4  
  59  4:30  Zergling x4  
  62  4:33  Queen  
  62  4:39  Zergling x2  
  62  4:44  Queen  
  62  4:45  Zergling x4  
  58  4:49  Queen  
  58  4:50  Zergling x2  
  54  4:52  Drone  
  54  4:53  Drone  
  54  4:55  Drone  
  54  4:57  Drone  
  57  5:04  Drone x2  
  59  5:09  Drone x2  
  59  5:13  Spore Crawler, Baneling x4  
  61  5:14  Zergling x4  
  62  5:22  Overlord  
  62  5:24  Zergling x4  
  62  5:25  Overlord  
  62  5:26  Drone  
  62  5:27  Drone  
  62  5:28  Drone  
  66  5:31  Drone x2  
  61  5:36  Drone x2  
  61  5:38  Drone  
  64  5:44  Zerg Ground Armor Level 1  
  64  5:46  Drone  
  64  5:47  Drone  
  64  5:49  Drone  
  67  5:50  Drone  
  67  5:53  Drone x2  
  67  5:56  Evolution Chamber  
  69  5:58  Extractor  
  69  6:00  Drone x2  
  69  6:02  Drone x2  
  72  6:08  Drone  
  72  6:09  Drone x2  
  72  6:10  Overlord  
  75  6:14  Spore Crawler, Drone x2  
  75  6:24  Zergling x2  
  75  6:25  Zergling x2  
  78  6:26  Zerg Melee Weapons Level 1  
  78  6:27  Drone x5  
  78  6:31  Extractor  
  78  6:32  Lair, Extractor  
  81  6:40  Drone x5  
  81  6:41  Drone  
  81  6:45  Overlord  
  87  6:48  Drone x3  
  87  6:49  Extractor  
  89  6:54  Overlord  
  89  6:58  Hatchery  
  89  6:59  Drone  
  89  7:01  Drone  
  90  7:05  Overlord  
  90  7:06  Drone x4  
  94  7:10  Overlord  
  95  7:15  Drone x5  
  95  7:16  Drone  
  95  7:20  Zergling x6  
  95  7:21  Zergling x2  
  104  7:26  Zergling x4  
  106  7:31  Centrifical Hooks  
  106  7:34  Zergling x10  
  111  7:39  Zerg Ground Armor Level 2  
  111  7:44  Hydralisk Den, Baneling x2  
  111  7:45  Overlord, Baneling x2  
  111  7:48  Zergling x6, Drone  
  111  7:49  Zergling x2  
  111  7:50  Overseer  
  115  7:59  Overlord  
  115  8:01  Zergling x8  
  115  8:03  Baneling x5  
  119  8:06  Drone  
  119  8:07  Drone x3  
  119  8:10  Overlord  
  119  8:12  Queen  
  125  8:13  Zergling x4  
  125  8:14  Zergling x6  
  127  8:21  Zergling x12  
  126  8:31  Zergling x6  
  126  8:32  Zergling x2  
  126  8:33  Hatchery  
  128  8:35  Muscular Augments  
  128  8:36  Baneling x3  
  128  8:40  Hydralisk x2  
  132  8:44  Hydralisk x3  
  138  8:50  Hydralisk x3  
  144  8:56  Infestation Pit, Baneling x2  
  144  8:57  Baneling  
  144  8:58  Zergling x12  
  149  9:03  Zergling x6  
  150  9:10  Baneling x9  
  150  9:12  Baneling  
  150  9:13  Baneling  
  150  9:15  Zergling x4  
  152  9:18  Baneling x3  
  152  9:19  Baneling  
  152  9:21  Zergling x2  
  149  9:29  Overlord  
  149  9:30  Zergling x22  
  139  9:32  Baneling x2  
  139  9:33  Baneling x4  
  139  9:35  Zergling x2  
  139  9:37  Zergling x2  
  139  9:40  Baneling x5  
  139  9:42  Zergling x2  
  139  9:43  Zergling x2  
  138  9:46  Baneling x3  
Show
View Real Time Build Order
Export as new Build Order

HeroMarine Terran 

Build Orders: Hellion Opening, Liberator Opening 

Get SALT Encoding   

  12  0:00  SCV  
  13  0:12  SCV  
  14  0:17  Supply Depot  
  14  0:24  SCV  
  15  0:38  SCV  
  15  0:40  Barracks  
  16  0:43  Refinery  
  16  0:50  SCV  
  17  1:03  SCV  
  18  1:15  SCV  
  19  1:27  Barracks Reactor, Orbital Command  
  19  1:39  Command Center  
  19  1:47  Supply Depot  
  19  1:52  SCV  
  20  2:02  Factory  
  20  2:03  Marine  
  20  2:07  SCV  
  22  2:09  Marine  
  23  2:19  SCV  
  23  2:21  Marine  
  25  2:27  Marine  
  26  2:31  SCV  
  26  2:33  Refinery  
  27  2:43  SCV  
  28  2:46  Starport  
  28  2:52  Orbital Command  
  28  2:53  Hellion  
  28  2:55  Hellion  
  28  2:57  SCV  
  33  2:59  Marine  
  34  3:09  SCV  
  35  3:15  Hellion  
  35  3:17  Hellion  
  39  3:21  Supply Depot  
  39  3:23  Medivac  
  42  3:30  Armory  
  42  3:33  Marine  
  42  3:37  Hellion  
  46  3:41  Hellion  
  46  3:47  Supply Depot  
  46  3:50  SCV x2  
  48  4:02  SCV x2  
  50  4:04  Barracks Tech Lab, Liberator  
  50  4:09  Hellion  
  55  4:11  Hellion  
  55  4:15  SCV  
  55  4:16  SCV  
  59  4:21  Supply Depot  
  59  4:27  SCV  
  59  4:28  SCV  
  61  4:34  Hellion  
  61  4:37  Hellion  
  59  4:39  SCV  
  59  4:40  SCV  
  55  4:50  Liberator  
  55  4:51  SCV  
  54  4:53  SCV  
  50  5:01  Hellion x2  
  50  5:03  SCV  
  50  5:05  SCV  
  55  5:14  Command Center  
  55  5:15  SCV  
  55  5:17  SCV  
  55  5:18  Stimpack  
  55  5:20  Marine  
  58  5:25  Hellion x2  
  58  5:27  SCV  
  63  5:30  SCV  
  62  5:39  SCV  
  62  5:42  SCV  
  57  5:44  Marine  
  57  5:45  Engineering Bay x2  
  57  5:46  Hellion x2  
  62  5:51  SCV, Starport Reactor  
  62  5:54  SCV  
  64  5:57  Barracks x2  
  64  6:02  Marine  
  64  6:04  SCV  
  66  6:05  Refinery  
  66  6:06  SCV, Supply Depot  
  66  6:07  Refinery  
  67  6:13  Terran Infantry Weapons Level 1, Terran Infantry Armor Level 1  
  67  6:16  Factory Tech Lab  
  68  6:22  Marine  
  67  6:27  Orbital Command  
  67  6:31  Barracks  
  66  6:32  SCV, Barracks  
  66  6:33  SCV  
  66  6:38  Starport Reactor  
  67  6:40  Marine  
  67  6:45  SCV x2  
  70  6:47  Supply Depot  
  70  6:48  Orbital Command, Siege Tank  
  73  6:54  Marine x2  
  73  6:55  Marine x2  
  73  6:57  SCV x2, Marine  
  80  7:02  Combat Shield  
  80  7:09  SCV x2  
  80  7:11  Supply Depot  
  80  7:12  Marine x3  
  80  7:14  Armory, SCV  
  86  7:15  Marine x2  
  86  7:19  Medivac x2  
  86  7:20  Barracks Reactor x2  
  86  7:21  SCV x2  
  94  7:26  SCV  
  95  7:30  Supply Depot, Marine, Siege Tank  
  95  7:31  Supply Depot  
  95  7:33  SCV x2  
  95  7:35  Marine x2  
  95  7:36  Marine x2  
  105  7:46  Barracks  
  105  7:47  Barracks x2  
  105  7:50  Supply Depot  
  105  7:52  Medivac x2  
  105  7:53  Supply Depot  
  105  7:57  Marine x4  
  113  7:58  Marine  
  113  8:01  Marine  
  113  8:02  Siege Tank  
  118  8:13  Supply Depot  
  118  8:14  Marine x3  
  118  8:15  Marine x2  
  123  8:22  SCV x3  
  123  8:24  Marine x2  
  123  8:25  Marine x2  
  123  8:26  Medivac  
  120  8:32  Marine  
  120  8:33  Marine  
  120  8:34  SCV x3  
  116  8:35  Marine  
  116  8:36  Marine x5  
  116  8:40  Siege Tank  
  127  8:42  Marine  
  127  8:43  Marine  
  127  8:44  Marine  
  127  8:45  Marine  
  131  8:50  Marine x2  
  131  8:53  Marine  
  131  8:54  Supply Depot  
  134  8:56  Marine  
  134  8:57  Marine  
  136  9:04  Marine x6  
  136  9:08  Marine x3  
  145  9:11  Marine  
  145  9:12  Siege Tank  
  145  9:15  Marine x2  
  151  9:18  Supply Depot  
  151  9:22  Marine x5  
  156  9:26  Marine  
  156  9:27  Marine x3  
  156  9:29  Marine  
  128  9:33  Marine x2  
  130  9:40  Marine x5  
  130  9:44  Marine x4  
  129  9:47  Marine  
  129  9:50  Marine x2  
Tags
 
Add a new tag
Caveats
  • Supply blocks, unpowered buildings, or Contaminate may cause inaccurate times.
  • Supply counts are checked every 10 seconds.